AoeStats
← theo.bres

Arabia

510079870Analyzed
1v1 RM · 1d ago on Sep 29, 2026· 32m 47s· 2 players
Game mode
Random Map
Map size
Tiny (2 player)
Population
200
Speed
Normal
Resources
Standard
Victory
Conquest
Starting age
Dark Age
Ending age
Imperial Age
RankedLock teamsTeams togetherTeam positionsShared explorationLock speedFull tech treeHidden civsTurbo modeCheats
Victory
Defeat
1288
+16
🇫🇷 Lithuanians · France
1289
-16
大刀向鬼子头上砍去
5:43 Loom
9:09 Feudal Age
9:44 Double-Bit Axe
9:43 Horse Collar
16:59 Padded Archer Armor
16:49 Fletching
18:14 Gold Mining
22:18 Castle Age
20:33 Scale Barding Armor
20:39 Forging
22:43 Bodkin Arrow
22:15 Crossbowman
23:02 Thumb Ring
23:19 Bow Saw
24:12 Wheelbarrow
24:23 Leather Archer Armor
26:13 Town Watch
28:39 Bloodlines
28:29 Husbandry
30:09 Husbandry
32:16 Chain Barding Armor
theo.bres
8:51 Feudal Age
7:35 Loom
9:36 Double-Bit Axe
20:43 Castle Age
18:48 Horse Collar
19:38 Gold Mining
20:15 Fletching
21:11 Bloodlines
22:04 Scale Barding Armor
22:38 Forging
23:04 Husbandry
26:51 Elite Skirmisher
Connection lost

Rejoining the realm…

Still unreachable

The connection could not be restored.

Session expired

The server has moved on; the page needs a fresh start.